 Dungeon Crawl Stone Soup version 0.29.1-1-gd02db6906a (webtiles) character file.

Game seed: 5895763829886672340

106 Godmorgon the Conjurer (level 4, -2/24 HPs)
             Began as a Tengu Conjurer on Oct 13, 2022.
             Slain by a river rat (4 damage)
             ... in a sewer.
             The game lasted 00:09:03 (1486 turns).

Godmorgon the Conjurer (Tengu Conjurer)             Turns: 1486, Time: 00:09:03

Health: -2/24      AC:  5    Str:  7    XL:     4   Next: 84%
Magic:  1/10       EV: 12    Int: 20    God:
Gold:   98         SH:  5    Dex: 13    Spells: 7/10 levels left

rFire   . . .      SeeInvis .   a - +0 short sword
rCold   + . .      Faith    .   (no shield)
rNeg    . . .      Spirit   .   d - +0 robe
rPois   .          Reflect  +   (helmet restricted)
rElec   .          Harm     .   (no cloak)
rCorr   .          Rampage  .   c - +2 pair of gloves
Will    .....                   (boots unavailable)
Stlth   ++........              i - amulet of reflection
HPRegen 0.08/turn               f - ring of protection from cold
MPRegen 0.12/turn               (no ring)

@: hasted, very quick
A: beak, talons 3
a: no special abilities


You were in a sewer.
You visited 1 branch of the dungeon, and saw 4 of its levels.
You also visited: Sewer.

You collected 98 gold pieces.

Inventory:

Hand Weapons
 a - a +0 short sword (weapon)
Armour
 c - a +2 pair of gloves (worn)
 d - a +0 robe (worn)
Jewellery
 f - a ring of protection from cold (left hand)
 i - an amulet of reflection (around neck)
 l - an amulet of guardian spirit
Potions
 b - 2 potions of magic
 h - a potion of curing {unknown}
 k - a potion of mutation {unknown}


   Skills:
 - Level 2.1 Dodging
 - Level 2.0 Stealth
 * Level 3.8 Spellcasting
 + Level 6.3 Conjurations


You had 7 spell levels left.
You knew the following spells:

 Your Spells              Type           Power      Damage    Failure   Level
d - Magic Dart            Conj           100%       1d8       1%          1
s - Searing Ray           Conj           58%        2d6       1%          2

Your spell library contained the following spells:

 Spells                   Type           Power      Damage    Failure   Level
 Dazzling Flash           Conj/Hex       32%        N/A       11%         3
 Fulminant Prism          Conj/Hex       8%         3d7       34%         4
 Iskenderun's Mystic Bla  Conj/Tloc      16%        2d5       34%         4


Dungeon Overview and Level Annotations

Branches:
Dungeon (4/15)              Sewer (1/1)
 Temple: D:4-7

Altars:
Makhleb


Innate Abilities, Weirdness & Mutations

You have a beak for a mouth.
You have claws for feet.


Message History

Casting: Searing Ray (safe; 1% risk of failure)
Confirm with . or Enter, or press ? or * to list all spells.
Aiming: Magic Dart (safe; 1% risk of failure)
Press: ? - help, Shift-Dir - straight line, f - river rat
Aim: a river rat (100% to hit)
The magic dart hits the river rat.
The river rat is lightly wounded.
The river rat bites you but does no damage.
You closely miss the river rat.
The river rat is lightly wounded.
The river rat barely misses you.
You closely miss the river rat.
You claw the river rat, but do no damage.
You peck the river rat.
The river rat is heavily wounded.
The river rat closely misses you.
You barely miss the river rat. Your kick misses the river rat.
The river rat is heavily wounded.
The river rat bites you. The rat bites you but does no damage.
You block the river rat's attack.
You hit the river rat but do no damage.
You claw the river rat, but do no damage.
The river rat is heavily wounded.
The rat closely misses you. The river rat bites you.
* * * LOW HITPOINT WARNING * * *
You feel yourself speed up. The rat bites you but does no damage.
The river rat barely misses you.
You closely miss the river rat.
The river rat is heavily wounded.
The rat bites you.
* * * LOW HITPOINT WARNING * * *
You hit the river rat but do no damage.
The river rat is heavily wounded.
The river rat barely misses you.
You hit the river rat but do no damage. Your kick misses the river rat.
The river rat is heavily wounded.
The rat bites you.
* * * LOW HITPOINT WARNING * * *
The river rat bites you.
You die...

###~. #~~~ ##.r.
#~.~# #.~~# r
#...## ..
##~..### #~..
#~~.~.#####.~.~~
###...~r@~~.~.#
###.~r∩~~~###
#########


You could see a river rat and a rat.

Vanquished Creatures
  4 river rats
  2 adders
  A gnoll (D:4)
  A dart slug (D:3)
  3 endoplasms
  2 giant cockroaches
  3 hobgoblins
  3 jackals (D:3)
  A quokka (D:1)
  5 ball pythons
  4 bats (D:1)
  2 frilled lizards (D:1)
  3 goblins
  6 kobolds
  6 rats
46 creatures vanquished.

Notes
Turn   | Place    | Note
-------+----------+-------------------------------------------
     0 | D:1      | Godmorgon the Tengu Conjurer began the quest for the Orb.
     0 | D:1      | Reached XP level 1. HP: 10/10 MP: 4/4
   344 | D:1      | Reached XP level 2. HP: 15/15 MP: 4/6
   349 | D:1      | Learned a level 2 spell: Searing Ray
   860 | D:2      | Found a faded altar of an unknown god.
   960 | D:2      | You fall into a shaft and drop 1 floor!
   960 | D:3      | Found a burning altar of Makhleb.
   960 | D:3      | Found a faded altar of an unknown god.
  1006 | D:4      | Reached XP level 3. HP: 19/19 MP: 1/8
  1238 | D:3      | Reached skill level 6 in Conjurations
  1238 | D:3      | Reached XP level 4. HP: 24/24 MP: 2/10
  1296 | D:3      | Found a glowing drain.
  1304 | D:3      | Noticed a water moccasin
  1461 | Sewer    | Entered a sewer
  1486 | Sewer    | Slain by a river rat

Illustrated notes

Levels and vault maps discovered:
D:1:      dpeg_arrival_line_fractal, layout_basic, corner_web_ring
D:2:      layout_basic, nicolae_ecumenical_oubliette
D:3:      layout_rooms, nicolae_overflow_ecumenical_swirl, portal_sewer_entry_a
D:4:      layout_cave_pods, minmay_temple_entry_poolview, minivault_5,
          nicolae_shop_dragon_depot, minmay_a_box_with_orc_wizards_in_it
Sewer:    sewer_hellmonk_bad_rat

Skill      XL: |  1  2  3 |
---------------+----------+-----
Spellcasting   | 3 |  3.8
Conjurations   | 6 |  6.3
Dodging        | |  2.1
Stealth        | |  2.0

Action                   |  1- 3 |  4- 6 || total
-------------------------+-------+-------++-------
Melee: Short sword       |     6 |    15 ||    21
       Peck              |     2 |     2 ||     4
       Kick              |     1 |     5 ||     6
       Punch             |       |     1 ||     1
 Cast: Magic Dart        |    32 |     7 ||    39
       Searing Ray       |    11 |     6 ||    17
  Use: Scroll            |       |     2 ||     2
       Potion            |       |     2 ||     2
 Stab: Sleeping          |     1 |       ||     1
Armor: Robe              |     2 |     5 ||     7
Dodge: Dodged            |     6 |    19 ||    25
Block: Other             |       |     3 ||     3
